| TOP OF THE 1ST |
|
Johnson City Cardinals batting - Pitching for Philadelphia (APP) Phillies : LHP Tim Lawson
|
|
Pitching: LHP Tim Lawson
|
|
|
Batting: RHB Chris Rouleau
|
0-0: Ball 1-0: Ball 2-0: Called Strike 2-1: Swinging Strike 2-2: Foul Ball, location: 2F 2-2: Strikes out swinging
|
|
Batting: RHB Juan Carrillo
|
0-0: SINGLE (Groundball, 56S, EV 72.5 MPH) (infield hit)
|
|
Batting: RHB McGwire Jones
|
0-0: Ball 1-0: Called Strike 1-1: Ball 2-1: Foul Ball, location: 2F 2-2: Foul Ball, location: 2F 2-2: Ball 3-2: Strikes out swinging
|
|
Batting: LHB Ignacio Ocampo
|
0-0: Swinging Strike 0-1: Called Strike 0-2: Strikes out swinging
|
| Top of the 1st over - 0 runs, 1 hit, 0 errors, 1 left on base; Johnson City 0 - Philadelphia (APP) 0 |
| BOTTOM OF THE 1ST |
|
Philadelphia (APP) Phillies batting - Pitching for Johnson City Cardinals : RHP Nick Mistretta
|
|
Pitching: RHP Nick Mistretta
|
|
|
Batting: LHB Jonathan Roman
|
0-0: Foul Ball, location: 2F 0-1: Ground out U3 (Groundball, 3, EV 103.1 MPH)
|
|
Batting: RHB Dave Gallegos
|
0-0: SINGLE (Line Drive, 4D, EV 98.8 MPH)
|
|
Batting: LHB Rich Kuehne
|
0-0: Ball 1-0: Foul Ball, location: 2F 1-1: Ball 2-1: DOUBLE (Flyball, 8LXD, EV 95.6 MPH) Dave Gallegos to third
|
|
Batting: SHB Brett St. Clair
|
0-0: Called Strike 0-1: Ball 1-1: Foul Ball, location: 2F 1-2: Strikes out swinging
|
|
Batting: RHB Juan Valadez
|
0-0: Ball 1-0: SINGLE (Groundball, 34S, EV 65.0 MPH) (infield hit) Dave Gallegos scores Rich Kuehne to third
|
|
Batting: LHB Travis Hahn
|
0-0: Called Strike 0-1: Ball 1-1: Ball 2-1: Foul Ball, location: 2F 2-2: Ball 3-2: Ground out 5-3 (Groundball, 56, EV 81.9 MPH)
|
| Bottom of the 1st over - 1 run, 3 hits, 0 errors, 2 left on base; Johnson City 0 - Philadelphia (APP) 1 |
| TOP OF THE 2ND |
|
Johnson City Cardinals batting - Pitching for Philadelphia (APP) Phillies : LHP Tim Lawson
|
|
Batting: RHB Kyle Burns
|
0-0: Ball 1-0: Fly out, F8 (Flyball, 8RM, EV 77.5 MPH)
|
|
Batting: RHB Johnny Lowe
|
0-0: Ball 1-0: Foul Ball, location: 2F 1-1: Ball 2-1: Ball 3-1: Base on Balls
|
|
Batting: RHB Geoff Musico
|
0-0: Called Strike 0-1: Ball 1-1: Foul Ball, location: 2F 1-2: Grounds into double play, 6-4-3 (Groundball, 6S, EV 83.1 MPH)
|
| Top of the 2nd over - 0 runs, 0 hits, 0 errors, 0 left on base; Johnson City 0 - Philadelphia (APP) 1 |
| BOTTOM OF THE 2ND |
|
Philadelphia (APP) Phillies batting - Pitching for Johnson City Cardinals : RHP Nick Mistretta
|
|
Batting: RHB Joel Gomez
|
0-0: Called Strike 0-1: Swinging Strike 0-2: Foul Ball, location: 2F 0-2: Ball 1-2: Strikes out swinging
|
|
Batting: RHB Rafael Soto
|
0-0: Ball 1-0: Swinging Strike 1-1: Swinging Strike 1-2: Foul Ball, location: 2F 1-2: SINGLE (Groundball, 25, EV 62.5 MPH) (infield hit)
|
|
Batting: RHB Miguel Vazquez
|
0-0: Fly out, F9 (Flyball, 9S, EV 85.6 MPH)
|
|
Batting: LHB Jonathan Roman
|
0-0: Called Strike 0-1: Fielders Choice at 2nd, 6-4 (Groundball, 56, EV 100.0 MPH)
|
| Bottom of the 2nd over - 0 runs, 1 hit, 0 errors, 1 left on base; Johnson City 0 - Philadelphia (APP) 1 |
| TOP OF THE 3RD |
|
Johnson City Cardinals batting - Pitching for Philadelphia (APP) Phillies : LHP Tim Lawson
|
|
Batting: RHB Pablo Nunez
|
0-0: SOLO HOME RUN (Flyball, 9D, EV 104.4 MPH), Distance : 372 ft
|
|
Batting: RHB Jonathan Winkler
|
0-0: Called Strike 0-1: Foul Ball, location: 2F 0-2: Strikes out swinging
|
|
Batting: RHB Chris Rouleau
|
0-0: Called Strike 0-1: Ball 1-1: Ball 2-1: Ground out 6-3 (Groundball, 6, EV 83.8 MPH)
|
|
Batting: RHB Juan Carrillo
|
0-0: Called Strike 0-1: Ball 1-1: Called Strike 1-2: Ball 2-2: Strikes out looking
|
| Top of the 3rd over - 1 run, 1 hit, 0 errors, 0 left on base; Johnson City 1 - Philadelphia (APP) 1 |
| BOTTOM OF THE 3RD |
|
Philadelphia (APP) Phillies batting - Pitching for Johnson City Cardinals : RHP Nick Mistretta
|
|
Batting: RHB Dave Gallegos
|
0-0: Foul Ball, location: 2F 0-1: Ball 1-1: Swinging Strike 1-2: Ball 2-2: Fly out, F7 (Line Drive, 7S, EV 103.1 MPH)
|
|
Batting: LHB Rich Kuehne
|
0-0: Ball 1-0: Swinging Strike 1-1: Ball 2-1: Ball 3-1: Base on Balls
|
|
Batting: SHB Brett St. Clair
|
0-0: Called Strike 0-1: Ball 1-1: Ball 2-1: SINGLE (Groundball, 4MD, EV 106.2 MPH) Rich Kuehne to second Runner from 2nd tries for 3rd, SAFE, throw by CF made to third
|
|
Batting: RHB Juan Valadez
|
0-0: Grounds into double play, 6-4-3 (Groundball, 6, EV 92.5 MPH)
|
| Bottom of the 3rd over - 0 runs, 1 hit, 0 errors, 1 left on base; Johnson City 1 - Philadelphia (APP) 1 |
| TOP OF THE 4TH |
|
Johnson City Cardinals batting - Pitching for Philadelphia (APP) Phillies : LHP Tim Lawson
|
|
Batting: RHB McGwire Jones
|
0-0: Ball 1-0: Swinging Strike 1-1: Ball 2-1: SINGLE (Groundball, 56, EV 98.1 MPH)
|
|
Batting: LHB Ignacio Ocampo
|
0-0: Ball 1-0: Ball 2-0: Foul Ball, location: 2F 2-1: Foul Ball, location: 2F 2-2: Strikes out swinging
|
|
Batting: RHB Kyle Burns
|
0-0: Ball 1-0: Called Strike 1-1: Fielders Choice at 2nd, 1-6 (Groundball, 13, EV 66.2 MPH)
|
|
Batting: RHB Johnny Lowe
|
0-0: Ball 1-0: Ball 2-0: Ball 3-0: Called Strike 3-1: Ground out 4-3 (Groundball, 4S, EV 61.2 MPH)
|
| Top of the 4th over - 0 runs, 1 hit, 0 errors, 1 left on base; Johnson City 1 - Philadelphia (APP) 1 |
| BOTTOM OF THE 4TH |
|
Philadelphia (APP) Phillies batting - Pitching for Johnson City Cardinals : RHP Nick Mistretta
|
|
Batting: LHB Travis Hahn
|
0-0: Foul Ball, location: 2F 0-1: Foul Ball, location: 2F 0-2: Strikes out swinging
|
|
Batting: RHB Joel Gomez
|
0-0: Ball 1-0: Ball 2-0: Ball 3-0: Called Strike 3-1: Called Strike 3-2: Fly out, F8 (Flyball, 89M, EV 88.8 MPH)
|
|
Batting: RHB Rafael Soto
|
0-0: Foul Ball, location: 2F 0-1: Foul Ball, location: 2F 0-2: Ball 1-2: SOLO HOME RUN (Flyball, 7D, EV 98.1 MPH), Distance : 394 ft
|
|
Batting: RHB Miguel Vazquez
|
0-0: Called Strike 0-1: Foul Ball, location: 2F 0-2: Ground out 5-3 (Groundball, 5, EV 89.4 MPH)
|
| Bottom of the 4th over - 1 run, 1 hit, 0 errors, 0 left on base; Johnson City 1 - Philadelphia (APP) 2 |
| TOP OF THE 5TH |
|
Johnson City Cardinals batting - Pitching for Philadelphia (APP) Phillies : LHP Tim Lawson
|
|
Batting: RHB Geoff Musico
|
0-0: Ball 1-0: Ball 2-0: Ball 3-0: Foul Ball, location: 2F 3-1: Base on Balls
|
|
Batting: RHB Pablo Nunez
|
0-0: Ball 1-0: Ball 2-0: Foul Ball, location: 2F 2-1: Ball 3-1: SINGLE (Line Drive, 34D, EV 99.4 MPH) Geoff Musico to second
|
|
Batting: RHB Jonathan Winkler
|
0-0: Fly out, F7 (Flyball, 7S, EV 86.9 MPH)
|
|
Batting: RHB Chris Rouleau
|
0-0: Ball 1-0: Called Strike 1-1: Ball 2-1: Swinging Strike 2-2: DOUBLE (Groundball, 3L, EV 104.4 MPH) Geoff Musico scores Pablo Nunez to third
|
|
Batting: RHB Juan Carrillo
|
0-0: Called Strike 0-1: Ground out U3 (Groundball, 3, EV 86.9 MPH)
|
|
Batting: RHB McGwire Jones
|
0-0: Called Strike 0-1: Swinging Strike 0-2: Ball 1-2: Foul Ball, location: 2F 1-2: Foul Ball, location: 2F 1-2: Ball 2-2: Strikes out swinging
|
| Top of the 5th over - 1 run, 2 hits, 0 errors, 2 left on base; Johnson City 2 - Philadelphia (APP) 2 |
| BOTTOM OF THE 5TH |
|
Philadelphia (APP) Phillies batting - Pitching for Johnson City Cardinals : RHP Nick Mistretta
|
|
Batting: LHB Jonathan Roman
|
0-0: Swinging Strike 0-1: Foul Ball, location: 2F 0-2: Ball 1-2: SINGLE (Groundball, 34D, EV 96.9 MPH)
|
|
Batting: RHB Dave Gallegos
|
0-0: Called Strike 0-1: Swinging Strike 0-2: Ball 1-2: Foul Ball, location: 2F 1-2: Foul Ball, location: 2F 1-2: Fielders Choice at 2nd, 6-4 (Groundball, 6, EV 106.9 MPH)
|
|
Batting: LHB Rich Kuehne
|
0-0: Called Strike 0-1: Called Strike 0-2: SINGLE (Groundball, 4MS, EV 68.8 MPH) (infield hit) Dave Gallegos to second
|
|
Batting: SHB Brett St. Clair
|
0-0: Ball 1-0: Fly out, F8 (Flyball, 8RS, EV 91.2 MPH)
|
|
Batting: RHB Juan Valadez
|
0-0: Ball 1-0: Called Strike 1-1: 3-RUN HOME RUN (Flyball, 7D, EV 97.5 MPH), Distance : 360 ft
|
|
Batting: LHB Travis Hahn
|
0-0: SOLO HOME RUN (Flyball, 7LD, EV 97.5 MPH), Distance : 377 ft
|
|
Batting: RHB Joel Gomez
|
0-0: Ground out 5-3 (Groundball, 5S, EV 86.9 MPH)
|
| Bottom of the 5th over - 4 runs, 4 hits, 0 errors, 0 left on base; Johnson City 2 - Philadelphia (APP) 6 |
| TOP OF THE 6TH |
|
Johnson City Cardinals batting - Pitching for Philadelphia (APP) Phillies : LHP Tim Lawson
|
|
Pitching: RHP Hugo Rodriguez
|
|
|
Batting: LHB Ignacio Ocampo
|
0-0: Ball 1-0: Ground out 6-3 (Groundball, 6S, EV 85.0 MPH)
|
|
Batting: RHB Kyle Burns
|
0-0: Ball 1-0: Ball 2-0: Ball 3-0: Base on Balls
|
|
Batting: RHB Johnny Lowe
|
0-0: Ball 1-0: Ball 2-0: Foul Ball, location: 2F 2-1: SINGLE (Groundball, 56D, EV 108.1 MPH) Kyle Burns to second
|
|
Batting: RHB Geoff Musico
|
0-0: Swinging Strike 0-1: Foul Ball, location: 2F 0-2: Foul Ball, location: 2F 0-2: Ball 1-2: 3-RUN HOME RUN (Flyball, 7D, EV 106.2 MPH), Distance : 391 ft
|
|
Pitching: RHP Bobby Acevedo
|
|
|
Batting: RHB Pablo Nunez
|
0-0: Ball 1-0: Fly out, F7 (Flyball, 7D, EV 99.4 MPH)
|
|
Pinch Hitting: LHB Billy Lang
|
0-0: Called Strike 0-1: Ball 1-1: Ball 2-1: Ball 3-1: Foul Ball, location: 2F 3-2: Foul Ball, location: 2F 3-2: Foul Ball, location: 2F 3-2: Base on Balls
|
|
Batting: RHB Chris Rouleau
|
0-0: Called Strike Billy Lang is caught stealing 2nd base 2-4
|
| Top of the 6th over - 3 runs, 2 hits, 0 errors, 0 left on base; Johnson City 5 - Philadelphia (APP) 6 |
| BOTTOM OF THE 6TH |
|
Philadelphia (APP) Phillies batting - Pitching for Johnson City Cardinals : RHP Nick Mistretta
|
|
Pitching: RHP Ricky Enriquez
|
|
|
Now in RF: Billy Lang
|
|
|
Batting: RHB Rafael Soto
|
0-0: Ball 1-0: Swinging Strike 1-1: Swinging Strike 1-2: Ball 2-2: Fly out, F9 (Line Drive, 9D, EV 94.4 MPH)
|
|
Batting: RHB Miguel Vazquez
|
0-0: Called Strike 0-1: Swinging Strike 0-2: Ball 1-2: Strikes out swinging
|
|
Batting: LHB Jonathan Roman
|
0-0: Ball 1-0: Foul Ball, location: 2F 1-1: Ball 2-1: Ball 3-1: Foul Ball, location: 2F 3-2: Ground out 6-3 (Groundball, 6, EV 85.0 MPH)
|
| Bottom of the 6th over - 0 runs, 0 hits, 0 errors, 0 left on base; Johnson City 5 - Philadelphia (APP) 6 |
| TOP OF THE 7TH |
|
Johnson City Cardinals batting - Pitching for Philadelphia (APP) Phillies : RHP Bobby Acevedo
|
|
Batting: RHB Chris Rouleau
|
0-0: SINGLE (Line Drive, 8RS, EV 100.6 MPH)
|
|
Batting: RHB Juan Carrillo
|
0-0: Ball Chris Rouleau steals 2nd base 1-0: Ball 2-0: Ball 3-0: Called Strike 3-1: Ball
|
|
Batting: RHB McGwire Jones
|
0-0: Called Strike 0-1: Foul Ball, location: 2F 0-2: Ball 1-2: Ball 2-2: Ball 3-2: Foul Ball, location: 2F 3-2: Base on Balls Chris Rouleau to third Juan Carrillo to second
|
|
Pitching: LHP Marc Haigler
|
|
|
Pinch Hitting: SHB Steve Langlois
|
0-0: Fly out, F9 (Flyball, 9D, EV 93.1 MPH) Runner from 3rd tags up, SCORES, no throw by RF Juan Carrillo to third
|
|
Batting: RHB Kyle Burns
|
0-0: Ball 1-0: Foul Ball, location: 2F 1-1: Ball 2-1: Swinging Strike 2-2: Ball 3-2: Foul Ball, location: 2F 3-2: SINGLE (Groundball, 34, EV 93.1 MPH) (infield hit) Juan Carrillo scores McGwire Jones to second
|
|
Batting: RHB Johnny Lowe
|
0-0: Ball 1-0: Ball 2-0: Ball 3-0: Base on Balls McGwire Jones to third Kyle Burns to second
|
|
Batting: RHB Geoff Musico
|
0-0: Called Strike 0-1: Ball 1-1: Ball 2-1: Swinging Strike 2-2: Ball 3-2: Base on Balls McGwire Jones scores Kyle Burns to third Johnny Lowe to second
|
|
Pitching: RHP Tim Starks
|
|
|
Batting: RHB Pablo Nunez
|
0-0: Foul Ball, location: 2F 0-1: Foul Ball, location: 2F 0-2: Strikes out swinging
|
|
Batting: LHB Billy Lang
|
0-0: Ball 1-0: Ball 2-0: Foul Ball, location: 2F 2-1: Foul Ball, location: 2F 2-2: Foul Ball, location: 2F 2-2: Fielders Choice at 2nd, 6-4 (Groundball, 6, EV 83.8 MPH)
|
| Top of the 7th over - 3 runs, 2 hits, 0 errors, 3 left on base; Johnson City 8 - Philadelphia (APP) 6 |
| BOTTOM OF THE 7TH |
|
Philadelphia (APP) Phillies batting - Pitching for Johnson City Cardinals : RHP Ricky Enriquez
|
|
Now in CF: Edgar Klockow
|
|
|
Batting: RHB Dave Gallegos
|
0-0: Foul Ball, location: 2F 0-1: Ball 1-1: Ball 2-1: Called Strike 2-2: Foul Ball, location: 2F 2-2: Ground out 4-3 (Groundball, 4, EV 84.4 MPH)
|
|
Batting: LHB Rich Kuehne
|
0-0: Ball 1-0: Ball 2-0: Ball 3-0: Called Strike 3-1: Base on Balls
|
|
Batting: SHB Brett St. Clair
|
0-0: Ball 1-0: Ball 2-0: Foul Ball, location: 2F 2-1: Ball 3-1: Called Strike 3-2: Base on Balls Rich Kuehne to second
|
|
Batting: RHB Juan Valadez
|
0-0: Ball 1-0: Ball 2-0: Called Strike 2-1: Fly out, F9 (Flyball, 9D, EV 98.8 MPH) Runner from 2nd tags up, SAFE at 3rd, no throw by RF
|
|
Pitching: RHP Jeremy Bonita
|
|
|
Batting: LHB Travis Hahn
|
0-0: Ground out 1-3 (Groundball, 13S, EV 67.5 MPH)
|
| Bottom of the 7th over - 0 runs, 0 hits, 0 errors, 2 left on base; Johnson City 8 - Philadelphia (APP) 6 |
| TOP OF THE 8TH |
|
Johnson City Cardinals batting - Pitching for Philadelphia (APP) Phillies : RHP Tim Starks
|
|
Batting: RHB Chris Rouleau
|
0-0: Called Strike 0-1: Ball 1-1: Ball 2-1: Ball 3-1: Base on Balls
|
|
Batting: RHB Juan Carrillo
|
0-0: Called Strike 0-1: Ball 1-1: Bunt missed! 1-2: Foul Ball, location: 2F 1-2: Ball 2-2: Foul Ball, location: 2F 2-2: SINGLE (Flyball, 8RS, EV 93.8 MPH) Chris Rouleau to second
|
|
Pitching: LHP Ray Paul
|
|
|
Batting: RHB McGwire Jones
|
0-0: Swinging Strike 0-1: Foul Ball, location: 2F 0-2: Strikes out swinging
|
|
Batting: RHB Edgar Klockow
|
0-0: 3-RUN HOME RUN (Flyball, 8RXD, EV 105.6 MPH), Distance : 430 ft
|
|
Batting: RHB Kyle Burns
|
0-0: Ball 1-0: Ball 2-0: Ground out 3-1 (Groundball, 34, EV 90.6 MPH)
|
|
Batting: RHB Johnny Lowe
|
0-0: Ball 1-0: Ball 2-0: Ball 3-0: Called Strike 3-1: Base on Balls
|
|
Batting: RHB Geoff Musico
|
0-0: Ball 1-0: Foul Ball, location: 2F 1-1: Swinging Strike 1-2: Ball 2-2: Ball Wild Pitch! Johnny Lowe to second 3-2: Strikes out swinging
|
| Top of the 8th over - 3 runs, 2 hits, 0 errors, 1 left on base; Johnson City 11 - Philadelphia (APP) 6 |
| BOTTOM OF THE 8TH |
|
Philadelphia (APP) Phillies batting - Pitching for Johnson City Cardinals : RHP Jeremy Bonita
|
|
Batting: RHB Joel Gomez
|
0-0: Ground out 6-3 (Groundball, 6M, EV 88.1 MPH)
|
|
Batting: RHB Rafael Soto
|
0-0: Ball 1-0: Called Strike 1-1: Foul Ball, location: 2F 1-2: Ball 2-2: Ball 3-2: Strikes out swinging
|
|
Batting: RHB Miguel Vazquez
|
0-0: Called Strike 0-1: Ball 1-1: Ground out 5-3 (Groundball, 56, EV 106.2 MPH)
|
| Bottom of the 8th over - 0 runs, 0 hits, 0 errors, 0 left on base; Johnson City 11 - Philadelphia (APP) 6 |
| TOP OF THE 9TH |
|
Johnson City Cardinals batting - Pitching for Philadelphia (APP) Phillies : LHP Ray Paul
|
|
Pitching: RHP Dave Gomez
|
|
|
Batting: RHB Pablo Nunez
|
0-0: Fly out, F8 (Flyball, 8RXD, EV 102.5 MPH)
|
|
Batting: LHB Billy Lang
|
0-0: Ball 1-0: SOLO HOME RUN (Flyball, 89XD, EV 95.6 MPH), Distance : 386 ft
|
|
Batting: RHB Chris Rouleau
|
0-0: Ball 1-0: Foul Ball, location: 2F 1-1: Ball 2-1: Ball 3-1: Swinging Strike 3-2: Fly out, F8 (Line Drive, 8RM, EV 93.1 MPH)
|
|
Batting: RHB Juan Carrillo
|
0-0: Ball 1-0: Ball 2-0: Fly out, F8 (Flyball, 89D, EV 96.9 MPH)
|
| Top of the 9th over - 1 run, 1 hit, 0 errors, 0 left on base; Johnson City 12 - Philadelphia (APP) 6 |
| BOTTOM OF THE 9TH |
|
Philadelphia (APP) Phillies batting - Pitching for Johnson City Cardinals : RHP Jeremy Bonita
|
|
Batting: LHB Jonathan Roman
|
0-0: Ball 1-0: Called Strike 1-1: Ball 2-1: Ball 3-1: Ground out 4-3 (Groundball, 4M, EV 99.4 MPH)
|
|
Batting: RHB Dave Gallegos
|
0-0: Ball 1-0: Fly out, F7 (Flyball, 7LSF, EV 85.6 MPH)
|
|
Batting: LHB Rich Kuehne
|
0-0: Called Strike 0-1: Ground out 6-3 (Groundball, 6S, EV 82.5 MPH)
|
| Bottom of the 9th over - 0 runs, 0 hits, 0 errors, 0 left on base; Johnson City 12 - Philadelphia (APP) 6 |
|